Map: Ruins of Seras

Players

EnormousLin

  • Race: Terran Terran
  • League: Silver

Bagain - Winner!

  • Race: Protoss Protoss
  • League: Gold

VOD

Have the link to the VOD?

Description

Time

  • Played on: Feb. 5, 2016, 9:19 a.m.
  • Length: 12:06
Show
View Real Time Build Order
Export as new Build Order

EnormousLin Terran 

Build Orders: MMM Bio 

Get SALT Encoding   

  12  0:01  SCV  
  13  0:13  SCV  
  14  0:22  Supply Depot  
  14  0:25  Refinery  
  14  0:29  SCV  
  15  0:46  Barracks  
  15  0:47  SCV  
  16  0:58  Refinery  
  16  1:02  SCV  
  17  1:14  Supply Depot  
  17  1:17  SCV  
  18  1:37  Factory  
  18  1:44  Orbital Command  
  18  1:49  Barracks Reactor  
  18  2:11  SCV  
  19  2:22  Factory Tech Lab  
  19  2:25  Marine x2  
  21  2:35  Starport  
  21  2:43  Hellion  
  23  2:51  Command Center  
  23  2:52  Marine  
  23  2:55  Marine  
  25  3:16  Marine x2  
  27  3:20  SCV  
  27  3:22  Barracks  
  27  3:25  Supply Depot  
  27  3:26  Widow Mine  
  30  3:45  Banshee  
  32  3:54  SCV  
  33  4:15  Barracks Tech Lab  
  33  4:16  SCV  
  34  4:17  Factory Tech Lab  
  34  4:19  Barracks, Orbital Command  
  34  4:37  SCV  
  34  4:38  Banshee  
  38  4:41  Cloaking Field  
  38  4:54  SCV x2  
  38  4:57  Marine  
  38  4:58  Marine  
  43  5:05  Cyclone  
  45  5:11  SCV x2  
  47  5:22  Banshee  
  47  5:23  Marine  
  47  5:24  Marine x2  
  53  5:36  Marine  
  53  5:41  Marine  
  55  5:43  Marine  
  55  5:45  Barracks Reactor  
  56  5:53  Marine  
  56  5:55  SCV x2  
  59  6:02  Supply Depot  
  59  6:03  Supply Depot  
  59  6:04  Marine x2  
  59  6:05  Engineering Bay  
  59  6:07  SCV  
  62  6:24  Marine x4, SCV x2  
  62  6:25  Marine  
  69  6:28  Stimpack  
  69  6:35  Barracks  
  69  6:38  Barracks  
  66  7:03  Marine x3, Marauder  
  66  7:04  Marine  
  72  7:09  Siege Tank  
  72  7:16  Starport, Viking  
  72  7:21  Marine x2  
  76  7:24  Marauder  
  76  7:29  Refinery, SCV x2  
  80  7:31  Refinery  
  80  7:35  Barracks Reactor  
  80  7:36  Barracks Tech Lab  
  80  7:47  SCV x2  
  82  7:55  Supply Depot  
  82  7:57  Supply Depot  
  82  7:58  Siege Tank  
  85  7:59  SCV  
  86  8:08  Starport Reactor  
  85  8:16  Missile Turret  
  85  8:18  SCV, Missile Turret  
  85  8:19  SCV  
  87  8:24  Missile Turret  
  87  8:31  SCV  
  88  8:39  Marine x6, Command Center  
  94  8:49  Marine x2  
  94  8:52  Medivac  
  98  8:57  Marine  
  98  8:58  Supply Depot  
  98  9:01  SCV x2  
  101  9:16  Supply Depot  
  101  9:20  Medivac, Siege Tank  
  101  9:21  Starport Reactor  
  101  9:23  SCV x2  
  108  9:32  Supply Depot  
  108  9:33  Supply Depot  
  108  9:49  SCV  
  108  9:50  SCV  
  108  9:51  Marine x3  
  108  9:52  Orbital Command  
  113  9:54  Marine x4  
  113  9:58  Combat Shields  
  113  9:59  Barracks, Concussive Shells  
  117  10:00  Medivac  
  117  10:02  Barracks  
  117  10:04  Siege Tank  
  122  10:12  SCV  
  120  10:17  Marine x5  
  125  10:24  SCV  
  125  10:28  Orbital Command  
  126  10:31  Engineering Bay, Marine x2  
  126  10:34  Medivac  
  127  10:50  Marine x2  
  127  10:51  Marine x3  
  127  10:52  Siege Tank  
  127  10:53  Medivac  
  137  11:08  Marine x5  
  137  11:09  Marine x2  
  144  11:25  Marine x3  
  109  11:26  Marine  
  77  11:43  Marine x3  
  77  11:44  Marine x4  
Show
View Real Time Build Order
Export as new Build Order

Bagain Protoss - Winner!

Build Orders: 1 Gate Expand 

Get SALT Encoding   

  12  0:01  Probe (Chrono Boost)  
  13  0:12  Probe (Chrono Boost)  
  14  0:22  Probe (Chrono Boost)  
  14  0:24  Pylon  
  15  0:43  Probe (Chrono Boost)  
  16  0:53  Gateway, Probe (Chrono Boost)  
  17  1:14  Nexus  
  17  1:23  Pylon  
  17  1:29  Probe (Chrono Boost)  
  18  1:36  Assimilator  
  19  1:40  Probe (Chrono Boost)  
  19  1:49  Cybernetics Core  
  19  1:53  Probe (Chrono Boost)  
  20  2:02  Pylon  
  20  2:16  Forge  
  20  2:19  Probe (Chrono Boost)  
  20  2:20  Gateway  
  21  2:26  Assimilator  
  21  2:29  Probe (Chrono Boost)  
  22  2:30  Probe (Chrono Boost)  
  23  2:43  Probe (Chrono Boost)  
  25  2:45  Warp Gate  
  24  2:55  Mothership Core (Chrono Boost)  
  28  2:58  Adept  
  28  3:02  Photon Cannon  
  28  3:08  Adept  
  28  3:09  Probe (Chrono Boost)  
  31  3:23  Probe x2 (Chrono Boost)  
  33  3:31  Pylon  
  33  3:33  Probe (Chrono Boost)  
  33  3:34  Probe (Chrono Boost)  
  35  3:38  Stargate  
  35  3:50  Adept  
  35  3:51  Adept  
  35  3:54  Assimilator  
  39  3:56  Probe (Chrono Boost)  
  39  3:58  Probe (Chrono Boost)  
  40  4:17  Stalker  
  40  4:18  Stalker  
  40  4:21  Photon Cannon  
  44  4:24  Phoenix  
  46  4:34  Pylon  
  46  4:39  Probe x2 (Chrono Boost)  
  48  4:49  Probe (Chrono Boost)  
  48  4:50  Probe (Chrono Boost)  
  52  4:54  Phoenix  
  52  5:15  Probe x2 (Chrono Boost)  
  54  5:23  Robotics Facility  
  54  5:25  Pylon, Phoenix  
  54  5:26  Probe x2 (Chrono Boost)  
  58  5:29  Stalker x2  
  62  5:36  Probe x2 (Chrono Boost)  
  64  5:47  Probe x2 (Chrono Boost)  
  64  5:48  Gateway  
  66  5:50  Gateway  
  66  5:56  Assimilator  
  66  5:58  Probe x2 (Chrono Boost)  
  68  6:06  Phoenix  
  68  6:08  Probe (Chrono Boost)  
  68  6:10  Observer (Chrono Boost)  
  72  6:14  Pylon  
  70  6:36  Phoenix  
  70  6:59  Probe  
  70  7:01  Probe  
  72  7:03  Immortal (Chrono Boost)  
  72  7:05  Stalker x3  
  72  7:06  Stalker  
  84  7:09  Probe  
  85  7:49  Pylon  
  85  7:51  Pylon  
  85  7:54  Pylon  
  85  7:59  Pylon  
  83  8:28  Stalker x4  
  83  8:31  Immortal (Chrono Boost)  
  95  8:40  Gateway  
  95  8:42  Gateway  
  95  8:45  Robotics Bay  
  95  8:47  Gateway  
  95  8:51  Pylon  
  95  8:53  Pylon  
  95  9:03  Stalker x3  
  95  9:04  Stalker  
  95  9:09  Void Ray  
  107  9:38  Adept x3  
  107  9:39  Adept  
  107  9:42  Adept x3  
  121  9:50  Pylon x2  
  121  9:51  Pylon  
  124  9:53  Disruptor (Chrono Boost)  
  124  10:00  Adept x3  
  124  10:01  Adept  
  132  10:08  Adept  
  134  10:14  Adept x2  
  138  10:24  Disruptor (Chrono Boost)  
  138  10:27  Adept x3  
  138  10:28  Adept  
  149  11:07  Adept x4  
  157  11:13  Pylon  
  157  11:15  Pylon  
  157  11:16  Pylon  
  155  11:18  Pylon  
  155  11:20  Pylon  
  155  11:21  Pylon  
  137  11:49  Stalker x2  
  137  11:50  Stalker x5  
Tags
 
Composition
MMM Bio
Matchup
PvT
Replay Pack
rep
Add a new tag
Caveats
  • Supply blocks, unpowered buildings, or Contaminate may cause inaccurate times.
  • Supply counts are checked every 10 seconds.